AoeStats
← PeterFickMeinBein

Arabia

504223315Analyzed
2v2 RM · 27d ago on Sep 4, 2026· 59m 37s· 4 players
Game mode
Random Map
Map size
Medium (4 player)
Population
200
Speed
Normal
Resources
Standard
Victory
Conquest
Starting age
Dark Age
Ending age
Imperial Age
RankedLock teamsTeams togetherTeam positionsShared explorationLock speedFull tech treeHidden civsTurbo modeCheats
Victory
Defeat
🇲🇽 Huns · Mexico
1302
+15
🇹🇼 Spanish · Taiwan
1185
+20
🇩🇪 Inca · Germany
1279
-18
🇩🇪 Cumans · Germany
1270
-17
King Spartacus
11:03 Feudal Age
11:15 Feudal Age
12:27 Loom
16:03 Castle Age
14:52 Double-Bit Axe
15:20 Horse Collar
28:48 Fletching
30:35 Husbandry
30:59 Gold Mining
31:02 Stone Mining
31:29 Heavy Plow
31:36 Bodkin Arrow
33:23 Bow Saw
33:55 Ballistics
36:29 Wheelbarrow
38:34 Imperial Age
36:45 Thumb Ring
36:42 Padded Archer Armor
37:51 Marauders
37:57 Scale Barding Armor
38:39 Gold Shaft Mining
38:33 Hand Cart
38:57 Bloodlines
39:51 Chain Barding Armor
39:42 Forging
39:07 Elite Tarkan
41:43 Iron Casting
41:52 Plate Barding Armor
43:26 Bracer
44:27 Blast Furnace
44:32 Chemistry
46:42 Light Cavalry
49:14 Leather Archer Armor
48:33 Heavy Cavalry Archer
49:39 Parthian Tactics
51:34 Two-Man Saw
51:01 Town Watch
55:14 Hussar
The Elmo
10:17 Loom
12:03 Feudal Age
13:47 Wheelbarrow
13:01 Double-Bit Axe
19:44 Castle Age
17:56 Horse Collar
18:27 Stone Mining
18:54 Gold Mining
19:07 Town Watch
20:41 Bow Saw
21:40 Bloodlines
22:05 Husbandry
22:40 Padded Archer Armor
26:46 Heavy Plow
27:26 Leather Archer Armor
34:59 Fletching
38:50 Fortified Wall
39:41 Masonry
42:12 Imperial Age
40:05 Bodkin Arrow
41:13 Hand Cart
44:17 Ring Archer Armor
44:25 Conscription
44:28 Scale Barding Armor
44:19 Cavalier
45:52 Supremacy
46:02 Supremacy
47:28 Hoardings
47:23 Chain Barding Armor
50:18 Plate Barding Armor
52:36 Bracer
52:47 Forging
52:20 Light Cavalry
53:03 Elite Skirmisher
54:48 Iron Casting
59:08 Blast Furnace
60:15 Two-Man Saw
IPQOM
7:22 Loom
10:03 Feudal Age
10:52 Double-Bit Axe
15:46 Fletching
20:18 Horse Collar
25:30 Castle Age
26:01 Gold Mining
25:33 Crossbowman
26:10 Bodkin Arrow
28:53 Ballistics
31:16 Wheelbarrow
36:45 Imperial Age
34:45 Padded Archer Armor
38:12 Hand Cart
38:13 Bracer
37:35 Arbalester
38:39 Town Watch
40:37 Chemistry
41:13 Thumb Ring
42:55 Leather Archer Armor
51:29 Scale Mail Armor
51:40 Forging
50:52 Pikeman
51:32 Squires
51:18 Arson
54:29 Chain Mail Armor
53:36 Halberdier
PeterFickMeinBein
6:47 Loom
9:35 Feudal Age
10:20 Double-Bit Axe
21:22 Castle Age
19:59 Scale Barding Armor
20:04 Forging
20:29 Horse Collar
21:01 Bloodlines
23:06 Chain Barding Armor
24:07 Bow Saw
28:48 Gold Mining
30:11 Iron Casting
37:07 Steppe Husbandry
38:51 Fletching
39:32 Ballistics
39:43 Bodkin Arrow
46:30 Imperial Age
46:38 Padded Archer Armor
46:54 Elite Steppe Lancer
49:07 Plate Barding Armor
49:33 Blast Furnace
49:32 Elite Kipchak
50:34 Conscription
Connection lost

Rejoining the realm…

Still unreachable

The connection could not be restored.

Session expired

The server has moved on; the page needs a fresh start.